 Dungeon Crawl Stone Soup version 0.28.0 (webtiles) character file.

Game seed: 4185244073677897927

1 Renzlar the Shield-Bearer (level 1, 17/18 HPs)
             Began as a Formicid Fighter on Feb 8, 2022.
             Quit the game on level 1 of the Dungeon.
             The game lasted 00:01:29 (31 turns).

Renzlar the Shield-Bearer (Formicid Fighter)          Turns: 31, Time: 00:01:30

Health: 17/18      AC:  6    Str: 20    XL:     1   Next: 22%
Magic:  1/1        EV:  9    Int:  7    God:
Gold:   6          SH:  4    Dex: 10    Spells: 0/0 levels left

rFire   . . .      SeeInvis +   a - +0 war axe
rCold   . . .      Faith    .   c - +0 buckler
rNeg    . . .      Spirit   .   b - +0 scale mail
rPois   .          Reflect  .   (helmet unavailable)
rElec   .          Harm     .   (no cloak)
rCorr   .          Rampage  .   (no gloves)
Will    .....                   (no boots)
Stlth   ..........              (no amulet)
HPRegen 0.06/turn               (no ring)
MPRegen 0.07/turn               (no ring)

@: no status effects
A: permanent stasis, dig shafts and tunnels, antennae 3, four strong arms
a: Dig, Shaft Self


You were on level 1 of the Dungeon.
You visited 1 branch of the dungeon, and saw 1 of its levels.

You collected 6 gold pieces.

Inventory:

Hand Weapons
 a - a +0 war axe (weapon)
Armour
 b - a +0 scale mail (worn)
 c - a +0 buckler (worn)
Potions
 d - a potion of might
 e - a potion of resistance {unknown}


   Skills:
 + Level 3.3 Fighting
 * Level 2.0 Axes
 + Level 3.3 Armour
 + Level 3.6 Shields


You couldn't memorise any spells.
You didn't know any spells.
Your spell library contained the following spells:

 Spells                   Type           Power      Damage    Failure   Level
 Beastly Appendage        Tmut           0%         N/A       85%         1
 Wereblood                Tmut           0%         N/A       94%         2
 Spider Form              Tmut/Pois      0%         N/A       99%         3


Dungeon Overview and Level Annotations

Branches:
Dungeon (1/15)

Altars:


Innate Abilities, Weirdness & Mutations

You cannot be hasted, slowed, berserked, paralysed or teleported.
You can dig through walls and to a lower floor.
You have a pair of large antennae on your head. (SInv)
Your four strong arms can wield two-handed weapons with a shield.


Message History

Welcome, Renzlar the Formicid Fighter.
It is said that the Orb of Zot exists deep within this dungeon.
Press ? for a list of commands and other information.
Found 6 gold pieces, a metallic emerald potion and a book of Changes.
Found a staircase leading out of the dungeon.
e - a metallic emerald potion You now have 6 gold pieces.
You pick up a book of Changes and begin reading...
You add the spells Beastly Appendage, Wereblood and Spider Form to your library.
Okay, then.
You sense a monster nearby.
A rat comes into view.
A bat comes into view.
You slash the rat!
You kill the rat!
You hit the plant.
The plant begins to die.
The bat hits you.
You barely miss the bat. You slash the plant!
A nearby plant withers and dies.
The bat hits you but does no damage. The bat barely misses you.
You closely miss the bat. The bat barely misses you.
The bat completely misses you.
You barely miss the bat. The bat hits you but does no damage.
The bat closely misses you. The bat hits you but does no damage.
The bat closely misses you.
You slash the bat!
You kill the bat!
No target in view!
Are you sure you want to abandon this character and quit the game? (Confirm with "yes".)

##.....#.............
.....................
#.#..P#≈#P.....P#≈#P
###...P##≈##P...P##≈## .
......≈≈≈≈≈..<..≈≈≈≈≈
... #.#.P##≈##P...P##≈##
....#.....#≈#P.....P#≈#P
........................
.......@##..............
....#..†###...........##
......... ######.##.#.#
.......... #.# .#..#
..........# #.# .# PP
######..### #.# .# P
...# #.# .... ... ...


There were no monsters in sight!

Vanquished Creatures
  A bat (D:1)
  A rat (D:1)
2 creatures vanquished.

Vanquished Creatures (others)
  A plant (D:1)
1 creature vanquished.

Grand Total: 3 creatures vanquished

Notes
Turn   | Place    | Note
-------+----------+-------------------------------------------
     0 | D:1      | Renzlar the Formicid Fighter began the quest for the Orb.
     0 | D:1      | Reached XP level 1. HP: 18/18 MP: 1/1
    31 | D:1      | Quit the game

Illustrated notes

Levels and vault maps discovered:
D:1:      eino_arrival_water_cross, layout_rooms, serial_bayou,
          serial_bayou_pond_c, serial_bayou_shore_a, serial_bayou_pond_e,
          serial_bayou_pond_c

Action                   || total
-------------------------++-------
Melee: War axe           ||     5
Armor: Scale mail        ||     3
Dodge: Dodged            ||     5
